AoeStats
← Juyhou

MegaRandom

510538174Analyzed
4v4 RM · 1d ago on Oct 1, 2026· 31m 46s· 8 players
Game mode
Random Map
Map size
Large (8 player)
Population
200
Speed
Normal
Resources
Standard
Victory
Conquest
Starting age
Dark Age
Ending age
Imperial Age
RankedLock teamsTeams togetherTeam positionsShared explorationLock speedFull tech treeHidden civsTurbo modeCheats
Victory
Defeat
🇫🇮 Saxons · Finland
2115
+1
🇫🇮 Varangians · Finland
2044
+1
🇫🇮 Varangians · Finland
1872
+3
🇩🇪 Gurjaras · Germany
1815
+4
🇧🇴 Jurchens · Bolivia
1624
-3
🇨🇳 Mongols · China
1550
-3
🇨🇳 Mongols · China
1455
-2
🇨🇳 Saracens · China
1337
-1
Juyhou
13:03 Feudal Age
11:24 Loom
13:50 Town Watch
16:41 Castle Age
17:16 Double-Bit Axe
19:08 Horse Collar
20:05 Bow Saw
20:33 Heavy Plow
26:22 Wheelbarrow
27:08 Gold Mining
28:57 Hand Cart
28:50 Scale Mail Armor
29:01 Forging
28:33 Pikeman
29:13 Squires
30:06 Stone Mining
31:08 Chain Mail Armor
Villese
12:12 Feudal Age
16:00 Castle Age
14:18 Double-Bit Axe
15:15 Horse Collar
15:43 Town Watch
16:53 Bow Saw
19:03 Loom
23:25 Wheelbarrow
23:46 Fletching
25:42 Heavy Plow
26:28 Hand Cart
31:24 Imperial Age
29:22 Gold Mining
29:22 Stone Mining
29:59 Scale Mail Armor
31:17 Chain Mail Armor
31:33 Squires
31:19 Arson
32:45 Plate Mail Armor
32:37 Conscription
TheMax
12:02 Feudal Age
15:32 Castle Age
13:43 Double-Bit Axe
14:34 Loom
15:41 Horse Collar
16:38 Bow Saw
16:23 Loom
22:35 Heavy Plow
24:21 Wheelbarrow
23:48 Town Watch
24:35 Gold Mining
26:48 Hand Cart
34:17 Imperial Age
Jan Itor
10:49 Feudal Age
11:19 Double-Bit Axe
12:25 Horse Collar
21:06 Castle Age
20:53 Forging
22:19 Bow Saw
22:11 Loom
23:05 Heavy Plow
25:33 Wheelbarrow
27:01 Scale Barding Armor
30:02 Husbandry
30:13 Bloodlines
32:51 Iron Casting
牛比无极限
6:07 Loom
13:08 Feudal Age
20:00 Castle Age
19:21 Double-Bit Axe
20:54 Wheelbarrow
21:48 Bow Saw
25:17 Horse Collar
31:53 Bloodlines
[ECU] Pendeck's
10:47 Loom
13:45 Feudal Age
17:10 Wheelbarrow
21:12 Castle Age
19:34 Scale Mail Armor
19:58 Double-Bit Axe
22:07 Pikeman
23:17 Forging
25:18 Horse Collar
Laki
3:52 Loom
13:00 Feudal Age
16:42 Castle Age
17:06 Gold Mining
24:19 Double-Bit Axe
28:08 Fletching
28:18 Padded Archer Armor
30:03 Wheelbarrow
30:42 Bodkin Arrow
31:11 Leather Archer Armor
男高抗压位
4:30 Loom
15:17 Feudal Age
19:55 Castle Age
18:54 Bloodlines
19:15 Scale Barding Armor
24:44 Husbandry
28:17 Double-Bit Axe
29:50 Forging
30:47 Chain Barding Armor
Connection lost

Rejoining the realm…

Still unreachable

The connection could not be restored.

Session expired

The server has moved on; the page needs a fresh start.